 Dungeon Crawl Stone Soup version 0.20.0-15-g7f486f2 (webtiles) character file.

15330 NoAnimeNoLife the Fencer (level 12, -27/83 HPs)
             Began as a Demonspawn Fighter on June 13, 2017.
             Was an Elder of Qazlal.
             Annihilated by a very large slime creature (38 damage)
             ... on level 11 of the Dungeon.
             The game lasted 00:23:59 (9846 turns).

NoAnimeNoLife the Fencer (Demonspawn Fighter)       Turns: 9846, Time: 00:24:00

Health: -27/83     AC: 13    Str: 17    XL:     12   Next: 0%
Magic:  0/14       EV:  6    Int: 11    God:    Qazlal [****..]
Gold:   194        SH: 25    Dex: 16    Spells: 11/11 levels left

rFire    . . .     SeeInvis +   F - +2 Maxwell's thermic engine {flame, freeze, rF- rC-}
rCold    + . .     Gourm    .   c - +0 shield
rNeg     . . .     Faith    .   v - +4 chain mail
rPois    +         Spirit   +   (no helmet)
rElec    +         Reflect  +   K - scarf {Spirit}
rCorr    +         Harm     .   (gloves unavailable)
MR       .....                  (no boots)
Stlth    ..........             A - +5 amulet of reflection
Regen    0.3/turn               l - ring of see invisible
MPRegen  0.2/turn               o - ring of resist corrosion

@: resistant, very slightly contaminated, hasted, repel missiles, very quick
A: claws 3, large bone plates 2, cold resistance 1, mutation resistance 1,
screaming 1, rot immunity, freezing cloud immunity
a: Upheaval, Elemental Force, Renounce Religion


You were on level 11 of the Dungeon.
You worshipped Qazlal.
Qazlal was greatly pleased with you.
You were not hungry.

You visited 1 branch of the dungeon, and saw 11 of its levels.

You collected 564 gold pieces.
You spent 370 gold pieces at shops.

Inventory:

Hand Weapons
 a - a +0 long sword of venom
 F - the +2 Maxwell's thermic engine (weapon) {flame, freeze, rF- rC-}
   (You bought it in a shop on level 6 of the Dungeon)

   It has been specially enchanted to burn those struck by it, causing extra
   injury to most foes and up to half again as much damage against particularly
   susceptible opponents.
   Big, fiery blades are also staple armaments of hydra-hunters.
   It makes you vulnerable to fire.
   It makes you vulnerable to cold.
Armour
 c - a +0 shield (worn)
 v - a +4 chain mail (worn)
 K - a scarf of spirit shield (worn)
 V - a scarf of spirit shield
Jewellery
 l - a ring of see invisible (left claw)
 o - a ring of resist corrosion (right claw)
 q - an uncursed ring of ice
 y - an uncursed amulet of magic regeneration
 A - a +5 amulet of reflection (around neck)
 I - an uncursed ring of protection from cold
Wands
 b - a wand of polymorph (3/24)
 n - a wand of polymorph (15/24)
 t - a wand of flame (17/48)
 B - a wand of clouds (2/9)
 C - a wand of lightning (2/15)
 O - a wand of confusion (27/48)
Scrolls
 e - 3 scrolls of magic mapping
 g - 7 scrolls of identify
 i - 4 scrolls of teleportation
 j - 10 scrolls of remove curse
 k - 2 scrolls of fog
 m - 6 scrolls of enchant weapon
 u - 3 scrolls of random uselessness
 w - 3 scrolls of enchant armour
 x - a scroll of noise
Potions
 d - 2 potions of might
 h - a potion of flight
 r - a potion of brilliance
 E - a potion of haste
Books
 D - a book of Battle

   Spells                             Type                      Level
   a - Infusion                       Charms                       1
   b - Shroud of Golubria             Charms/Translocation         2
   c - Song of Slaying                Charms                       2
   d - Spectral Weapon                Hexes/Charms                 3
   e - Regeneration                   Charms/Necromancy            3
 L - a book of Maledictions

   Spells                             Type                      Level
   a - Corona                         Hexes                        1
   b - Ensorcelled Hibernation        Hexes/Ice                    2
   c - Confuse                        Hexes                        3
   d - Tukima's Dance                 Hexes                        3
   e - Dazzling Spray                 Conjuration/Hexes            3
 P - a book of Changes

   Spells                             Type                      Level
   a - Beastly Appendage              Transmutation                1
   b - Sticks to Snakes               Transmutation                2
   c - Spider Form                    Transmutation/Poison         3
   d - Ice Form                       Ice/Transmutation            4
   e - Blade Hands                    Transmutation                5
 R - a book of Necromancy

   Spells                             Type                      Level
   a - Pain                           Necromancy                   1
   b - Animate Skeleton               Necromancy                   1
   c - Vampiric Draining              Necromancy                   3
   d - Regeneration                   Charms/Necromancy            3
   e - Animate Dead                   Necromancy                   4
   f - Control Undead                 Necromancy                   4
 U - a Young Poisoner's Handbook

   Spells                             Type                      Level
   a - Sting                          Conjuration/Poison           1
   b - Poisonous Vapours              Poison/Air                   2
   c - Mephitic Cloud                 Conjuration/Poison/Air       3
   d - Olgreb's Toxic Radiance        Poison                       4
   e - Venom Bolt                     Conjuration/Poison           5
Comestibles
 f - 11 bread rations
 J - 5 fruits
 N - a meat ration
 Q - 4 royal jellies


   Skills:
 + Level 3.9 Fighting
 + Level 16.1 Long Blades
 + Level 3.6 Armour
 + Level 2.3 Dodging
 + Level 3.5 Shields
 + Level 3.5 Invocations


You had 11 spell levels left.
You didn't know any spells.

Dungeon Overview and Level Annotations

Branches:
Dungeon (11/15)            Temple (0/1) D:6            Lair (0/6) D:11
    Orc (0/2) D:9

Altars:
Ashenzari
Dithmenos
Gozag
Hepliaklqana
Makhleb
Qazlal
Ru
Sif Muna
Uskayaw
Xom
Yredelemnul
The Shining One
Jiyva

Shops:
D:6 *%([

Annotations:
D:11 1 transporter


Innate Abilities, Weirdness & Mutations

You have claws for hands.
You are mostly covered in large bone plates. (SH +6)
Your flesh is cold resistant. (rC+)
You are immune to rotting.
You are immune to freezing clouds.
You are somewhat resistant to further mutation.
You occasionally shout uncontrollably at your foes.


Message History

Aim: a very large slime creature (sparse dust, moderately wounded)
The puff of flame hits the very large slime creature.
The very large slime creature is moderately wounded.
This wand has 17 charges left.
You block the slime creature's attack.
The very large slime creature hits you!!
* * * LOW HITPOINT WARNING * * *
Okay, then.
Okay, then.
Okay, then.
You feel yourself speed up. You block the slime creature's attack.
The very large slime creature hits you but does no damage.
You slice the very large slime creature!!
You burn the very large slime creature!
You freeze the very large slime creature.
The very large slime creature is heavily wounded.
The slime creature barely misses you.
You barely miss the very large slime creature.
The very large slime creature is heavily wounded.
The very large slime creature hits you!!!
You die...

.#.........######........# #...
.#.......................#####..<
##...#####.......................
.....# #.......................
.....# #.................(.....
###..# #.......#######.........
#..# #......##.###.##........
#..# #.....##J§#§#..##.......
#..# #.....#@J§.§...,#....###
###..#####.....###§§§$.###....#
...............##..[§$..##©...#
.....>.........###.)/$.###....#
...............#........,#....#
.......####....##[.#.#..##....#
####.....####...##,###.##.....###
##.........##....#######.........
#..P.(......#....................


You could see a very large slime creature and a slime creature.

Vanquished Creatures
  7 two-headed ogres
  A slime creature (D:11)
  A wizard (D:10)
  A glowing orange brain (D:11)
  2 manticores
  A gargoyle (D:6)
  4 trolls
  2 hornets
  Prince Ribbit (D:9)
  2 hippogriffs
  A vampire (D:9)
  A wyvern (D:10)
  4 yaks
  A basilisk (D:11)
  A hungry ghost (D:10)
  A human (D:9)
  4 hogs (D:9)
  A black bear (D:7)
  An eye of draining (D:11)
  2 sky beasts
  An ice beast (D:11)
  3 orc warriors
  3 ogres
  7 big kobolds
  Blork the orc (D:6)
  5 bullfrogs
  2 gnoll sergeants (D:9)
  A water moccasin zombie (D:9)
  5 scorpions
  5 killer bees
  5 wights (D:7)
  A howler monkey (D:11)
  2 bullfrog zombies
  5 crimson imps
  A centaur zombie (D:8)
  3 hounds
  2 jellies (D:7)
  6 orc wizards
  4 bullfrog skeletons
  3 orc priests
  Jessica (D:3)
  Ijyb (D:4)
  4 iguanas
  Natasha (thrice) (D:2)
  4 worker ants
  2 hound skeletons
  A howler monkey zombie (D:7)
  The ghost of NoAnimeNoLife the Sneak, a weakling SpEn (D:4)
  3 gnolls (D:9)
  3 adders
  6 shadow imps
  3 adder skeletons
  3 worms
  2 dart slugs
  4 leopard geckos
  21 orcs
  4 giant cockroaches
  8 goblins
  15 hobgoblins
  11 jackals
  13 kobolds
  2 quokkas (D:6)
  4 ball pythons
  A ball python skeleton (D:5)
  10 bats
  6 frilled lizards
  14 rats
254 creatures vanquished.

Vanquished Creatures (others)
  A cyclops (D:11)
  2 centaurs
  A kobold (D:10)
4 creatures vanquished.

Grand Total: 258 creatures vanquished

Notes
Turn   | Place    | Note
-------+----------+-------------------------------------------
     0 | D:1      | NoAnimeNoLife the Demonspawn Fighter began the quest for the Orb.
     0 | D:1      | Reached XP level 1. HP: 18/18 MP: 1/1
    32 | D:1      | Reached skill level 2 in Long Blades
    95 | D:1      | Gained mutation: Your flesh is cold resistant. (rC+) [demonic ancestry]
    95 | D:1      | Reached XP level 2. HP: 8/24 MP: 2/2
   111 | D:1      | HP: 1/24 [rat (1)]
   538 | D:1      | Reached skill level 3 in Long Blades
   592 | D:1      | Gained mutation: You are partially covered in large bone plates. (SH +4) [demonic ancestry]
   592 | D:1      | Reached XP level 3. HP: 25/29 MP: 3/3
   974 | D:2      | Noticed Natasha
   982 | D:2      | Killed Natasha
   982 | D:2      | Reached skill level 4 in Long Blades
   982 | D:2      | Reached XP level 4. HP: 22/35 MP: 4/4
  1207 | D:2      | Found a shadowy altar of Dithmenos.
  1231 | D:2      | Noticed Natasha
  1239 | D:2      | Killed Natasha
  1502 | D:2      | Noticed Natasha
  1510 | D:2      | Killed Natasha
  1510 | D:2      | Reached XP level 5. HP: 32/41 MP: 5/5
  1660 | D:3      | Noticed Jessica
  1743 | D:3      | Killed Jessica
  1743 | D:3      | Reached skill level 5 in Long Blades
  1918 | D:3      | Found a sacrificial altar of Ru.
  2272 | D:3      | Became a worshipper of Ru the Awakened
  2458 | D:4      | Found a hazy altar of Hepliaklqana.
  2633 | D:4      | Gained mutation: You are mostly covered in large bone plates. (SH +6) [demonic ancestry]
  2633 | D:4      | Reached XP level 6. HP: 7/47 MP: 6/6
  2939 | D:4      | Found a burning altar of Makhleb.
  2940 | D:4      | Found a shimmering altar of Xom.
  2969 | D:4      | Reached skill level 6 in Long Blades
  3262 | D:4      | HP: 2/47 [scorpion (5)]
  3303 | D:4      | Noticed NoAnimeNoLife's ghost (weakling SpEn)
  3651 | D:4      | Killed NoAnimeNoLife's ghost
  3691 | D:4      | Reached skill level 7 in Long Blades
  3691 | D:4      | Gained mutation: You have sharp fingernails. [demonic ancestry]
  3691 | D:4      | Reached XP level 7. HP: 25/52 MP: 7/7
  4011 | D:4      | Noticed Ijyb
  4048 | D:4      | Killed Ijyb
  4288 | D:4      | Found a basalt altar of Yredelemnul.
  4289 | D:4      | Found a glowing golden altar of the Shining One.
  4289 | D:4      | Found a stormy altar of Qazlal.
  4298 | D:4      | Fell from the grace of Ru
  4298 | D:4      | Became a worshipper of Qazlal Stormbringer
  4556 | D:5      | Entered Level 5 of the Dungeon
  5238 | D:6      | Reached skill level 8 in Long Blades
  5354 | D:6      | Found Gozag's Platinum Reserve.
  5368 | D:6      | Found an opulent altar of Gozag.
  5442 | D:6      | Reached * piety under Qazlal
  5452 | D:6      | Found Feerus's Food Emporium.
  5461 | D:6      | Found Jacor's Armour Shop.
  5499 | D:6      | Noticed a gargoyle
  5522 | D:6      | Killed a gargoyle
  5522 | D:6      | Reached skill level 9 in Long Blades
  5522 | D:6      | Gained mutation: You have very sharp fingernails. [demonic ancestry]
  5522 | D:6      | Reached XP level 8. HP: 18/58 MP: 8/8
  5900 | D:6      | Found Giajikask's Weapon Shoppe.
  5922 | D:6      | Bought the +2 Maxwell's thermic engine {flame, freeze, rF- rC-} for 370 gold pieces
  5945 | D:6      | Found a staircase to the Ecumenical Temple.
  6077 | D:6      | Noticed Blork the orc
  6090 | D:6      | Found a deep blue altar of Sif Muna.
  6118 | D:6      | Killed Blork the orc
  6319 | D:7      | Reached skill level 10 in Long Blades
  6504 | D:7      | Found a shattered altar of Ashenzari.
  6593 | D:7      | Gained mutation: You are immune to rotting. [demonic ancestry]
  6593 | D:7      | Reached XP level 9. HP: 50/63 MP: 6/9
  6606 | D:7      | Gained mutation: You occasionally shout uncontrollably at your foes. [potion of mutation]
  6606 | D:7      | Gained mutation: You are somewhat resistant to further mutation. [potion of mutation]
  6616 | D:7      | Reached skill level 11 in Long Blades
  6854 | D:8      | Reached ** piety under Qazlal
  6910 | D:8      | Found a hide-covered altar of Uskayaw.
  6938 | D:8      | Noticed a manticore
  6946 | D:8      | Killed a manticore
  6997 | D:8      | Noticed a two-headed ogre
  7000 | D:8      | Killed a two-headed ogre
  7000 | D:8      | Reached skill level 12 in Long Blades
  7050 | D:8      | Noticed a two-headed ogre
  7061 | D:8      | Killed a two-headed ogre
  7061 | D:8      | Gained mutation: You have claws for hands. [demonic ancestry]
  7061 | D:8      | Reached XP level 10. HP: 57/70 MP: 4/10
  7141 | D:8      | Reached skill level 13 in Long Blades
  7224 | D:9      | Noticed Prince Ribbit
  7255 | D:9      | Killed Prince Ribbit
  7474 | D:9      | Reached skill level 14 in Long Blades
  7722 | D:9      | Found a staircase to the Orcish Mines.
  7757 | D:9      | Reached *** piety under Qazlal
  7774 | D:9      | Noticed a two-headed ogre
  7792 | D:9      | HP: 2/70 [killer bee (5)]
  7794 | D:9      | Killed a two-headed ogre
  7999 | D:9      | Noticed a two-headed ogre
  8005 | D:9      | Killed a two-headed ogre
  8005 | D:9      | Reached skill level 15 in Long Blades
  8005 | D:9      | Gained mutation: You are immune to freezing clouds. [demonic ancestry]
  8005 | D:9      | Reached XP level 11. HP: 47/75 MP: 11/11
  8382 | D:10     | Entered Level 10 of the Dungeon
  8419 | D:10     | Noticed a two-headed ogre
  8429 | D:10     | Killed a two-headed ogre
  8563 | D:10     | Noticed a wizard
  8568 | D:10     | Killed a wizard
  8841 | D:10     | Noticed a two-headed ogre
  8851 | D:10     | Killed a two-headed ogre
  9109 | D:11     | Found a transporter.
  9114 | D:11     | Noticed a glowing orange brain
  9155 | D:11     | Reached skill level 16 in Long Blades
  9187 | D:11     | Reached **** piety under Qazlal
  9284 | D:11     | Reached skill level 1 in Invocations
  9294 | D:11     | Found a staircase to the Lair.
  9319 | D:11     | Reached skill level 1 in Dodging
  9574 | D:11     | Noticed a two-headed ogre
  9583 | D:11     | Killed a two-headed ogre
  9821 | D:11     | Found a viscous altar of Jiyva.
  9823 | D:11     | Found a transporter.
  9841 | D:11     | Killed a glowing orange brain
  9841 | D:11     | Reached XP level 12. HP: 29/83 MP: 4/14
  9846 | D:11     | Annihilated by a very large slime creature

Skill      XL: |  1  2  3  4  5  6  7  8  9 10 11 |
---------------+----------------------------------+-----
Long Blades    | 2 3 4 5 7 9 10 12 15 16 | 16.1
Invocations    | 3 |  3.5
Dodging        | 2 |  2.3
Armour         | 3 |  3.6
Shields        | 3 |  3.5
Fighting       | |  3.9

Action                   |  1- 3 |  4- 6 |  7- 9 | 10-12 || total
-------------------------+-------+-------+-------+-------++-------
Melee: Long sword        |   119 |   282 |   212 |       ||   613
       Double sword      |       |       |    98 |   284 ||   382
Invok: Upheaval          |       |       |     1 |       ||     1
Evoke: Wand              |       |       |       |     6 ||     6
  Use: Potion            |     1 |     3 |     5 |     6 ||    15
       Scroll            |       |       |     5 |    14 ||    19
  Eat: Chunk             |       |    10 |       |    10 ||    20
       Meat ration       |       |       |     2 |       ||     2
       Fruit             |       |       |     1 |       ||     1
Armor: Scale mail        |    50 |    67 |     9 |       ||   126
       Chain mail        |       |       |    88 |    64 ||   152
Dodge: Dodged            |    40 |    46 |    24 |    26 ||   136
Block: Shield            |    93 |   196 |   289 |   261 ||   839
       Reflection        |       |       |    12 |    15 ||    27
       Rpst.: Long sword |     6 |    11 |     7 |       ||    24
       Double sword      |       |       |     1 |     2 ||     3
